[ AOE2 MATCH · #505148306 ]
UnrankedKoreans vs Lithuanians
Player's team · LOSS
[ REPLAY ANALYSIS · EXTRACTED FROM THE RECORDED GAME ]
Feudal
10:10
Castle
26:27
Imperial
—
| APM avg | 41.3 |
| APM peak | 90 |
| eAPM avg | 24.9 |
| Villagers / military | 106 / 121 |
Focus
⚔️ 47.1% · 🌾 52.9%
Fire Lancer ×86 · Fishing Ship ×15 · Battering Ram ×15 · Archer ×8 · Monk ×7 · Spearman ×4
Feudal
8:26
Castle
25:23
Imperial
42:40
| APM avg | 43.1 |
| APM peak | 88 |
| eAPM avg | 25.5 |
| Villagers / military | 120 / 85 |
Focus
⚔️ 38.6% · 🌾 61.4%
Knight ×57 · Leitis ×11 · Scout Cavalry ×9 · Monk ×8
Match map
Initial resources + every placement click. Lines = walls · curves = elevation contours. ◆ gold · ⬟ stone · ● berries · ✦ relic · ◌ wall gap
Your base· ✓ Closed at 26:27 · 39t walls · 1 gate(s)
chanchanvn's base· ✓ Closed at 25:23 · 34t walls · no gate
Smoothed initial terrain · ◌ = detected wall gap · hover for details
Inputs per minute
— snowshawnskate - - chanchanvn
Build order — snowshawnskate
First 150 of 437 actions detected
| 0:01 | Create | Villager (Male) |
| 0:01 | Create | Villager (Male) |
| 0:02 | Build | House |
| 0:03 | Build | House |
| 0:14 | Create | Villager (Male) |
| 0:21 | Create | Villager (Male) |
| 1:25 | Create | Villager (Male) |
| 2:05 | Create | Villager (Male) |
| 2:10 | Build | Lumber Camp |
| 2:18 | Create | Villager (Male) |
| 2:49 | Create | Villager (Male) |
| 2:59 | Create | Villager (Male) |
| 3:38 | Create | Villager (Male) |
| 3:49 | Build | House |
| 3:51 | Build | House |
| 4:04 | Create | Villager (Male) |
| 4:32 | Create | Villager (Male) |
| 4:32 | Create | Villager (Male) |
| 4:49 | Build | Mill |
| 5:21 | Create | Villager (Male) |
| 5:43 | Create | Villager (Male) |
| 6:17 | Create | Villager (Male) |
| 6:32 | Build | Palisade Wall |
| 6:33 | Create | Villager (Male) |
| 6:40 | Build | Palisade Wall |
| 6:41 | Build | Palisade Wall |
| 6:44 | Create | Villager (Male) |
| 6:52 | Research | Loom |
| 7:02 | Build | House |
| 7:20 | Build | Palisade Gate |
| 7:23 | Build | House |
| 7:35 | Create | Villager (Male) |
| 7:37 | Build | Palisade Wall |
| 7:48 | Research | Feudal Age |
| 7:57 | Build | Dock |
| 8:01 | Build | Palisade Wall |
| 8:52 | Build | Barracks |
| 9:17 | Build | Palisade Wall |
| 9:21 | Build | Palisade Wall |
| 9:23 | Create | Villager (Male) |
| 9:24 | Build | Palisade Wall |
| 9:28 | Build | Palisade Wall |
| 9:47 | Build | Palisade Wall |
| 9:49 | Build | Palisade Wall |
| 9:59 | Build | Palisade Wall |
| 10:02 | Create | Villager (Male) |
| 10:10 | Age | Feudal Age |
| 10:12 | Build | Archery Range |
| 10:16 | Build | Palisade Wall |
| 10:19 | Build | Mining Camp |
| 10:38 | Create | Villager (Male) |
| 10:41 | Build | House |
| 10:45 | Create | Fishing Ship |
| 10:45 | Create | Fishing Ship |
| 10:55 | Create | Archer |
| 11:02 | Create | Villager (Male) |
| 11:18 | Build | Mill |
| 11:26 | Create | Villager (Male) |
| 11:29 | Build | Palisade Wall |
| 11:39 | Build | Watch Tower |
| 12:07 | Create | Archer |
| 12:26 | Create | Villager (Male) |
| 12:34 | Build | Mining Camp |
| 12:45 | Create | Fishing Ship |
| 12:46 | Create | Villager (Male) |
| 13:16 | Create | Villager (Male) |
| 13:34 | Create | Archer |
| 13:55 | Create | Villager (Male) |
| 14:06 | Build | Lumber Camp |
| 14:31 | Create | Villager (Male) |
| 14:38 | Build | Watch Tower |
| 14:49 | Create | Villager (Male) |
| 15:06 | Build | House |
| 15:08 | Build | House |
| 15:34 | Create | Spearman |
| 15:41 | Build | House |
| 15:42 | Build | House |
| 15:43 | Create | Villager (Male) |
| 15:55 | Create | Villager (Male) |
| 15:59 | Build | House |
| 16:09 | Build | Watch Tower |
| 16:46 | Create | Villager (Male) |
| 16:55 | Create | Villager (Male) |
| 16:57 | Create | Fishing Ship |
| 16:57 | Create | Fishing Ship |
| 16:58 | Build | House |
| 16:59 | Build | House |
| 17:19 | Build | Lumber Camp |
| 17:25 | Create | Fishing Ship |
| 17:40 | Build | Watch Tower |
| 17:48 | Create | Villager (Male) |
| 17:53 | Build | Blacksmith |
| 18:01 | Create | Spearman |
| 18:11 | Create | Villager (Male) |
| 18:24 | Build | House |
| 18:34 | Create | Spearman |
| 18:36 | Build | House |
| 19:01 | Create | Villager (Male) |
| 19:05 | Research | Fletching |
| 19:15 | Create | Villager (Male) |
| 19:24 | Build | Lumber Camp |
| 19:25 | Create | Fishing Ship |
| 19:25 | Create | Fishing Ship |
| 19:29 | Build | Fish Trap |
| 19:32 | Build | Fish Trap |
| 19:44 | Create | Villager (Male) |
| 19:51 | Build | Fish Trap |
| 19:54 | Build | Fish Trap |
| 19:55 | Create | Villager (Male) |
| 20:00 | Create | Spearman |
| 20:03 | Build | House |
| 20:05 | Build | Palisade Wall |
| 20:23 | Build | Fish Trap |
| 20:36 | Create | Archer |
| 20:42 | Build | Watch Tower |
| 20:47 | Create | Archer |
| 20:48 | Create | Archer |
| 20:48 | Create | Archer |
| 20:55 | Build | House |
| 21:01 | Build | Watch Tower |
| 21:05 | Build | Fish Trap |
| 21:07 | Research | Tech 906 |
| 21:22 | Create | Archer |
| 21:30 | Create | Villager (Male) |
| 21:35 | Build | Market |
| 21:51 | Create | Fishing Ship |
| 22:01 | Build | Palisade Wall |
| 22:03 | Build | Palisade Wall |
| 22:04 | Build | House |
| 22:07 | Build | Palisade Gate |
| 22:49 | Build | Palisade Wall |
| 23:06 | Build | House |
| 23:07 | Build | House |
| 23:09 | Build | House |
| 23:18 | Build | Fish Trap |
| 23:24 | Build | House |
| 23:26 | Build | House |
| 23:47 | Research | Castle Age |
| 24:15 | Create | Fishing Ship |
| 24:15 | Create | Fishing Ship |
| 24:16 | Create | Fishing Ship |
| 24:26 | Build | House |
| 24:29 | Build | House |
| 24:31 | Build | House |
| 24:50 | Build | Mining Camp |
| 25:00 | Build | Palisade Wall |
| 25:09 | Build | Fish Trap |
| 25:48 | Build | Fish Trap |
| 25:53 | Build | Lumber Camp |
| 26:26 | Build | Fish Trap |
Build order — chanchanvn
First 150 of 408 actions detected
| 0:00 | Create | Villager (Male) |
| 0:01 | Create | Villager (Male) |
| 0:04 | Build | House |
| 0:06 | Build | House |
| 0:17 | Create | Villager (Male) |
| 0:18 | Create | Villager (Male) |
| 0:18 | Create | Villager (Male) |
| 0:18 | Create | Villager (Male) |
| 1:42 | Create | Villager (Male) |
| 1:42 | Create | Villager (Male) |
| 1:53 | Build | Lumber Camp |
| 2:07 | Create | Villager (Male) |
| 2:08 | Create | Villager (Male) |
| 2:22 | Create | Villager (Male) |
| 2:53 | Create | Villager (Male) |
| 2:53 | Create | Villager (Male) |
| 3:17 | Create | Villager (Male) |
| 3:18 | Create | Villager (Male) |
| 3:30 | Create | Villager (Male) |
| 3:30 | Create | Villager (Male) |
| 3:30 | Create | Villager (Male) |
| 3:51 | Build | House |
| 4:40 | Build | Mill |
| 4:43 | Create | Villager (Male) |
| 4:43 | Create | Villager (Male) |
| 4:43 | Create | Villager (Male) |
| 4:43 | Create | Villager (Male) |
| 5:02 | Create | Villager (Male) |
| 5:02 | Create | Villager (Male) |
| 5:03 | Create | Villager (Male) |
| 5:11 | Research | Loom |
| 6:16 | Research | Feudal Age |
| 6:17 | Research | Feudal Age |
| 6:32 | Build | House |
| 6:50 | Build | Palisade Wall |
| 7:04 | Create | Villager (Male) |
| 7:47 | Build | Barracks |
| 7:57 | Create | Villager (Male) |
| 8:26 | Age | Feudal Age |
| 8:38 | Build | Stable |
| 8:44 | Research | Double-Bit Axe |
| 8:44 | Research | Double-Bit Axe |
| 8:45 | Create | Villager (Male) |
| 8:59 | Create | Villager (Male) |
| 9:04 | Build | House |
| 9:18 | Create | Scout Cavalry |
| 9:51 | Build | Mill |
| 10:05 | Create | Villager (Male) |
| 10:10 | Create | Villager (Male) |
| 10:18 | Build | Palisade Wall |
| 10:40 | Build | Watch Tower |
| 10:47 | Create | Villager (Male) |
| 10:53 | Create | Villager (Male) |
| 11:04 | Build | Mining Camp |
| 11:05 | Create | Villager (Male) |
| 11:18 | Create | Scout Cavalry |
| 11:20 | Create | Villager (Male) |
| 11:35 | Create | Scout Cavalry |
| 11:44 | Build | House |
| 11:47 | Build | Palisade Wall |
| 11:51 | Create | Villager (Male) |
| 11:51 | Create | Villager (Male) |
| 12:07 | Build | Farm |
| 12:31 | Create | Villager (Male) |
| 12:36 | Create | Villager (Male) |
| 12:48 | Create | Scout Cavalry |
| 13:04 | Build | Farm |
| 13:08 | Build | House |
| 13:09 | Build | Palisade Wall |
| 13:21 | Build | Watch Tower |
| 13:22 | Create | Villager (Male) |
| 13:35 | Build | Farm |
| 13:44 | Create | Villager (Male) |
| 13:56 | Create | Villager (Male) |
| 13:59 | Build | Farm |
| 14:04 | Build | Palisade Wall |
| 14:35 | Create | Villager (Male) |
| 14:37 | Build | Farm |
| 14:41 | Build | Palisade Wall |
| 14:43 | Build | Palisade Wall |
| 14:46 | Build | House |
| 14:48 | Build | House |
| 14:51 | Create | Villager (Male) |
| 14:56 | Build | Palisade Wall |
| 15:03 | Create | Villager (Male) |
| 15:05 | Build | Farm |
| 15:22 | Build | Farm |
| 15:30 | Create | Villager (Male) |
| 15:39 | Create | Scout Cavalry |
| 15:56 | Build | Watch Tower |
| 15:58 | Create | Villager (Male) |
| 15:59 | Build | Farm |
| 16:02 | Build | Farm |
| 16:38 | Create | Scout Cavalry |
| 16:53 | Create | Scout Cavalry |
| 16:53 | Create | Villager (Male) |
| 16:58 | Build | House |
| 16:59 | Create | Villager (Male) |
| 17:01 | Build | Farm |
| 17:14 | Create | Scout Cavalry |
| 17:26 | Build | Watch Tower |
| 17:30 | Create | Villager (Male) |
| 17:33 | Build | Blacksmith |
| 17:35 | Create | Villager (Male) |
| 17:39 | Build | Farm |
| 17:59 | Create | Villager (Male) |
| 17:59 | Create | Villager (Male) |
| 18:01 | Build | Farm |
| 18:07 | Build | House |
| 18:12 | Build | House |
| 18:57 | Create | Villager (Male) |
| 19:08 | Research | Fletching |
| 19:08 | Research | Fletching |
| 19:14 | Create | Villager (Male) |
| 19:14 | Create | Villager (Male) |
| 19:16 | Build | Farm |
| 19:20 | Build | House |
| 19:24 | Build | Mining Camp |
| 19:26 | Create | Villager (Male) |
| 19:26 | Create | Villager (Male) |
| 19:28 | Build | Farm |
| 19:38 | Create | Villager (Male) |
| 20:06 | Create | Villager (Male) |
| 20:06 | Create | Villager (Male) |
| 20:08 | Build | Farm |
| 20:09 | Build | Farm |
| 20:10 | Build | Farm |
| 20:10 | Create | Villager (Male) |
| 20:13 | Build | Farm |
| 20:23 | Create | Villager (Male) |
| 20:40 | Create | Scout Cavalry |
| 20:40 | Create | Villager (Male) |
| 20:43 | Build | Farm |
| 20:45 | Build | Palisade Wall |
| 20:56 | Create | Villager (Male) |
| 20:58 | Build | Farm |
| 21:08 | Build | Farm |
| 21:08 | Build | Farm |
| 21:31 | Create | Villager (Male) |
| 21:34 | Build | Farm |
| 22:01 | Build | Farm |
| 22:03 | Build | Farm |
| 22:37 | Build | Farm |
| 22:40 | Research | Castle Age |
| 22:40 | Research | Castle Age |
| 22:59 | Research | Scale Barding Armor |
| 22:59 | Research | Scale Barding Armor |
| 23:31 | Build | Stable |
| 23:58 | Research | Bloodlines |
| 23:58 | Research | Bloodlines |
Match timeline
| 6:32 | snowshawnskate · wall_segment Palisade Wall x1 |
| 6:40 | snowshawnskate · wall_segment Palisade Wall x1 |
| 6:41 | snowshawnskate · wall_segment Palisade Wall x1 |
| 6:50 | chanchanvn · wall_segment Palisade Wall x1 |
| 7:37 | snowshawnskate · wall_segment Palisade Wall x1 |
| 7:47 | chanchanvn · first_building Barracks |
| 7:57 | snowshawnskate · first_building Dock |
| 8:01 | snowshawnskate · wall_segment Palisade Wall x7 |
| 8:26 | chanchanvn · age_up feudal |
| 8:38 | chanchanvn · first_building Stable |
| 8:52 | snowshawnskate · first_building Barracks |
| 9:17 | snowshawnskate · wall_segment Palisade Wall x1 |
| 9:21 | snowshawnskate · wall_segment Palisade Wall x1 |
| 9:24 | snowshawnskate · wall_segment Palisade Wall x1 |
| 9:28 | snowshawnskate · wall_segment Palisade Wall x1 |
| 9:47 | snowshawnskate · wall_segment Palisade Wall x1 |
| 9:49 | snowshawnskate · wall_segment Palisade Wall x5 |
| 9:59 | snowshawnskate · wall_segment Palisade Wall x3 |
| 10:10 | snowshawnskate · age_up feudal |
| 10:12 | snowshawnskate · first_building Archery Range |
| 10:16 | snowshawnskate · wall_segment Palisade Wall x5 |
| 10:18 | chanchanvn · wall_segment Palisade Wall x1 |
| 11:29 | snowshawnskate · wall_segment Palisade Wall x5 |
| 11:47 | chanchanvn · wall_segment Palisade Wall x6 |
| 13:09 | chanchanvn · wall_segment Palisade Wall x7 |
| 14:04 | chanchanvn · wall_segment Palisade Wall x8 |
| 14:41 | chanchanvn · wall_segment Palisade Wall x4 |
| 14:43 | chanchanvn · wall_segment Palisade Wall x6 |
| 14:56 | chanchanvn · wall_segment Palisade Wall x1 |
| 20:05 | snowshawnskate · wall_segment Palisade Wall x1 |
| 20:45 | chanchanvn · wall_segment Palisade Wall x1 |
| 22:01 | snowshawnskate · wall_segment Palisade Wall x1 |
| 22:03 | snowshawnskate · wall_segment Palisade Wall x1 |
| 22:36 | snowshawnskate · first_market_buy 500 food |
| 22:49 | snowshawnskate · wall_segment Palisade Wall x1 |
| 23:44 | snowshawnskate · first_market_sell 100 wood |
| 25:00 | snowshawnskate · wall_segment Palisade Wall x3 |
| 25:20 | chanchanvn · wall_segment Palisade Wall x1 |
| 25:23 | chanchanvn · age_up castle |
| 26:27 | snowshawnskate · age_up castle |
| 26:42 | chanchanvn · first_building Castle |
| 26:59 | snowshawnskate · first_building Siege Workshop |
| 27:39 | snowshawnskate · wall_segment Stone Wall x1 |
| 28:12 | snowshawnskate · first_building Monastery |
| 28:30 | chanchanvn · wall_segment Palisade Wall x1 |
| 28:37 | snowshawnskate · wall_segment Palisade Wall x3 |
| 28:54 | snowshawnskate · wall_segment Stone Wall x1 |
| 28:55 | snowshawnskate · wall_segment Stone Wall x1 |
| 28:59 | snowshawnskate · wall_segment Stone Wall x7 |
| 30:08 | chanchanvn · first_building Monastery |
| 30:31 | chanchanvn · wall_segment Stone Wall x5 |
| 30:32 | chanchanvn · wall_segment Stone Wall x1 |
| 30:43 | snowshawnskate · wall_segment Palisade Wall x1 |
| 31:03 | snowshawnskate · wall_segment Stone Wall x1 |
| 31:06 | snowshawnskate · wall_segment Stone Wall x1 |
| 31:56 | snowshawnskate · wall_segment Stone Wall x1 |
| 32:01 | chanchanvn · wall_segment Stone Wall x1 |
| 32:03 | chanchanvn · wall_segment Stone Wall x6 |
| 35:06 | snowshawnskate · wall_segment Stone Wall x1 |
| 35:06 | chanchanvn · wall_segment Stone Wall x5 |
| 35:09 | chanchanvn · first_market_sell 500 wood |
| 35:12 | chanchanvn · first_market_buy 100 stone |
| 35:32 | snowshawnskate · wall_segment Palisade Wall x1 |
| 35:53 | snowshawnskate · wall_segment Palisade Wall x1 |
| 36:17 | snowshawnskate · wall_segment Palisade Wall x1 |
| 37:03 | snowshawnskate · wall_segment Stone Wall x4 |
| 37:07 | snowshawnskate · wall_segment Stone Wall x1 |
| 37:08 | snowshawnskate · wall_segment Stone Wall x1 |
| 37:18 | snowshawnskate · wall_segment Stone Wall x9 |
| 37:28 | snowshawnskate · wall_segment Stone Wall x1 |
| 37:29 | snowshawnskate · wall_segment Stone Wall x1 |
| 38:17 | snowshawnskate · wall_segment Stone Wall x2 |
| 40:41 | snowshawnskate · wall_segment Stone Wall x1 |
| 42:40 | chanchanvn · age_up imperial |
| 43:32 | snowshawnskate · wall_segment Stone Wall x1 |
| 44:58 | snowshawnskate · resign |
[ AI ANALYSIS · 1 CREDIT ]
What really happened in this match?
Wolo.gg analyzes every decision: build order, eco, micro, common mistakes by bracket. Personalized analysis on WhatsApp or Discord in 30 seconds.
Civ guide
Koreans
Perfil
Jugador #1193732